Map: Iron Fortress LE

Players

najzmajs - Winner!

  • Race: Zerg Zerg
  • Spawn Location: 7:00

Pseudorandom

VOD

Have the link to the VOD?

Description

Time

  • Played on: April 1, 2015, 12:05 a.m.
  • Length: 13:45
Show
View Real Time Build Order
Export as new Build Order

najzmajs Zerg - Winner!

Build Orders: Pool First, Roach Hydra Ravager, Zergling Baneling 

Get SALT Encoding   

  12  0:03  Drone  
  13  0:09  Drone  
  14  0:14  Extractor  
  14  0:16  Drone  
  14  0:32  Spawning Pool  
  13  0:39  Overlord  
  13  0:45  Drone  
  14  0:51  Extractor  
  14  0:53  Drone  
  15  0:59  Drone  
  16  1:10  Overlord  
  16  1:18  Metabolic Boost  
  16  1:26  Queen  
  16  1:31  Zergling x2  
  19  1:33  Zergling x2  
  19  1:37  Zergling x2  
  21  1:45  Zergling x2  
  22  1:55  Zergling x2  
  23  2:08  Hatchery  
  23  2:09  Zergling x2  
  23  2:19  Zergling x2  
  24  2:23  Baneling Nest  
  24  2:29  Zergling x2  
  24  2:38  Overlord  
  24  2:39  Zergling x2  
  24  2:41  Zergling x2  
  26  2:47  Zergling x2  
  26  2:50  Zergling x2  
  27  2:54  Zergling x2  
  27  3:05  Zergling x2  
  27  3:09  Zergling x4  
  27  3:10  Zergling x2  
  30  3:16  Zergling x2  
  30  3:20  Zergling x2  
  30  3:25  Zergling x2  
  30  3:30  Zergling x2  
  30  3:31  Baneling  
  30  3:34  Zergling x2  
  32  3:39  Zergling x2  
  32  3:43  Zergling x2  
  32  3:44  Zergling x2  
  32  3:45  Baneling  
  33  3:51  Drone  
  33  3:52  Drone  
  34  3:56  Baneling  
  34  3:58  Drone  
  36  4:02  Drone  
  36  4:08  Drone  
  36  4:11  Drone  
  36  4:14  Drone  
  36  4:16  Baneling  
  38  4:24  Drone x3  
  41  4:26  Drone  
  40  4:37  Drone  
  40  4:38  Drone  
  35  4:39  Drone x2  
  34  4:49  Queen  
  36  4:54  Zergling x2  
  36  4:55  Zergling x2  
  36  4:56  Spine Crawler  
  36  4:59  Zergling x4  
  39  5:04  Zergling x2  
  39  5:08  Zergling x2  
  39  5:12  Zergling x2  
  39  5:13  Zergling x4  
  39  5:14  Baneling  
  41  5:15  Baneling  
  41  5:16  Baneling, Zergling x2  
  41  5:17  Baneling  
  42  5:21  Zergling x2  
  42  5:32  Zergling x2  
  42  5:34  Zergling x2  
  43  5:48  Zergling x2  
  43  5:49  Zergling x2  
  40  5:51  Zergling x4  
  38  5:58  Zergling x2  
  38  6:03  Zergling x2  
  37  6:05  Baneling x3  
  37  6:07  Zergling x2  
  38  6:13  Zergling x2  
  38  6:18  Zergling x2  
  38  6:24  Zergling x2  
  42  6:30  Overlord  
  42  6:32  Roach Warren, Queen  
  43  6:33  Evolution Chamber  
  43  6:34  Evolution Chamber, Zergling x2  
  40  6:40  Lair, Overlord, Extractor  
  40  6:43  Drone x3  
  40  6:44  Drone, Baneling  
  40  6:46  Overlord  
  43  6:50  Overlord  
  43  6:54  Drone  
  44  7:06  Drone x4  
  37  7:18  Drone x2  
  39  7:26  Zerg Missile Weapons Level 1, Extractor  
  38  7:30  Roach x3  
  44  7:42  Drone x4, Extractor  
  47  7:47  Glial Reconstitution  
  47  7:51  Roach  
  49  7:55  Roach  
  49  7:57  Roach  
  53  7:59  Overlord  
  53  8:00  Overlord, Roach  
  53  8:03  Roach  
  57  8:07  Roach  
  57  8:09  Roach  
  63  8:12  Roach  
  63  8:15  Roach  
  63  8:19  Roach  
  67  8:22  Roach  
  67  8:25  Roach  
  71  8:29  Roach  
  71  8:32  Roach  
  75  8:35  Overlord  
  75  8:38  Drone  
  75  8:39  Drone  
  76  8:43  Ravager x2  
  78  8:49  Drone x3  
  78  8:50  Drone  
  80  9:02  Ravager x2  
  82  9:04  Ravager  
  82  9:05  Drone x3  
  82  9:07  Drone  
  82  9:08  Drone x2  
  82  9:09  Drone  
  87  9:20  Drone  
  87  9:21  Drone x2  
  90  9:25  Drone x2  
  92  9:31  Overlord  
  92  9:38  Overlord  
  92  9:39  Overlord  
  92  9:45  Ravager x3  
  92  9:46  Ravager x3  
  86  9:53  Roach x2  
  86  9:54  Roach  
  72  10:08  Hydralisk Den  
  72  10:09  Spore Crawler x2  
  72  10:10  Roach x2  
  72  10:11  Spore Crawler  
  72  10:12  Spore Crawler, Roach  
  73  10:16  Roach  
  75  10:22  Roach  
  75  10:25  Overseer  
  75  10:26  Roach  
  79  10:32  Overlord  
  79  10:35  Overlord  
  79  10:36  Overlord x3  
  79  10:43  Overlord  
  79  10:44  Overlord  
  79  10:54  Overlord  
  79  10:55  Overlord  
  77  10:58  Ravager  
  77  11:01  Hydralisk  
  77  11:03  Hydralisk  
  80  11:07  Hydralisk  
  80  11:08  Spore Crawler  
  80  11:09  Spore Crawler  
  80  11:12  Hydralisk  
  80  11:16  Hydralisk  
  80  11:18  Hydralisk x3  
  84  11:20  Hydralisk  
  92  11:27  Hydralisk  
  94  11:34  Hydralisk  
  94  11:35  Hydralisk  
  94  11:41  Hydralisk x2  
  94  11:42  Hydralisk  
  94  11:46  Overlord x2  
  99  11:47  Hydralisk Den  
  84  12:01  Overlord  
  84  12:02  Queen x2  
  84  12:08  Roach Warren  
  87  12:15  Hydralisk x3  
  87  12:16  Hydralisk x2  
  87  12:19  Hydralisk  
  99  12:24  Extractor  
  99  12:25  Hydralisk  
  100  12:33  Hydralisk  
  99  12:41  Hydralisk  
  101  12:51  Hydralisk  
  103  12:59  Hydralisk  
  105  13:08  Roach  
  105  13:11  Roach  
  99  13:21  Roach x2  
  99  13:24  Roach  
  95  13:40  Hatchery  
Show
View Real Time Build Order
Export as new Build Order

Pseudorandom Zerg 

Build Orders: Pool First, Zergling Baneling, Zergling Mutalisk 

Get SALT Encoding   

  12  0:00  Drone  
  13  0:09  Drone  
  14  0:27  Spawning Pool  
  13  0:29  Drone  
  14  0:37  Overlord  
  14  0:42  Drone, Extractor  
  15  0:55  Drone x2  
  17  1:01  Drone  
  18  1:13  Zergling x2  
  18  1:14  Queen  
  21  1:23  Drone  
  22  1:34  Hatchery  
  22  1:37  Drone  
  22  1:40  Extractor  
  22  1:44  Overlord  
  21  1:54  Extractor, Queen  
  23  2:12  Drone x2  
  25  2:20  Drone  
  26  2:23  Drone x4  
  26  2:27  Spine Crawler  
  29  2:35  Zergling x2  
  30  2:46  Baneling Nest, Zergling x4  
  28  2:51  Queen  
  28  2:53  Zergling x2  
  29  3:05  Zergling x4  
  30  3:07  Metabolic Boost  
  27  3:13  Zergling x4  
  29  3:22  Zergling x4  
  28  3:30  Zergling x2  
  29  3:35  Baneling x2  
  28  3:51  Zergling x4  
  30  4:00  Overlord  
  28  4:11  Baneling x2  
  28  4:26  Baneling  
  27  4:37  Zergling x14  
  33  4:43  Queen  
  31  4:49  Zergling x2  
  32  4:53  Hatchery  
  32  4:55  Zergling x4  
  33  5:00  Extractor  
  33  5:04  Zergling x2  
  34  5:11  Zergling x2  
  35  5:20  Extractor  
  34  5:24  Baneling x4  
  21  5:58  Baneling x2  
  21  5:59  Drone x3  
  23  6:08  Zergling x2  
  23  6:11  Drone, Queen  
  25  6:19  Drone  
  25  6:22  Drone  
  27  6:30  Spine Crawler  
  27  6:31  Zergling x2  
  27  6:32  Zergling x8  
  31  6:35  Drone  
  31  6:37  Lair  
  32  6:47  Drone x2  
  34  7:00  Baneling  
  34  7:05  Zergling x6  
  30  7:16  Queen  
  30  7:18  Zergling x6  
  30  7:22  Drone  
  36  7:28  Overlord  
  36  7:29  Drone x5  
  42  7:30  Drone  
  42  7:31  Drone  
  42  7:34  Drone  
  43  7:55  Spire  
  43  7:56  Drone  
  43  7:57  Drone  
  41  8:04  Spine Crawler  
  40  8:07  Drone x2  
  40  8:08  Drone  
  40  8:09  Spine Crawler  
  40  8:10  Zergling x6  
  45  8:19  Drone x4  
  49  8:21  Drone  
  49  8:23  Extractor  
  49  8:24  Extractor  
  48  8:29  Zergling x6  
  49  8:42  Drone x3  
  52  8:51  Overlord x2  
  50  9:08  Mutalisk x2  
  50  9:10  Mutalisk x5  
  60  9:22  Mutalisk x2  
  64  9:26  Zergling x6  
  64  9:27  Zergling x2  
  68  9:32  Zergling x4  
  56  9:39  Mutalisk  
  56  9:44  Zergling x6  
  48  10:01  Mutalisk x2  
  50  10:14  Drone  
  50  10:19  Hatchery  
  50  10:21  Mutalisk  
  50  10:26  Drone x2  
  54  10:35  Mutalisk  
  54  10:38  Extractor  
  54  10:39  Drone  
  54  10:40  Drone  
  57  10:48  Drone x2  
  59  10:57  Drone x2  
  61  11:15  Hatchery  
  60  11:36  Mutalisk x2  
  64  12:00  Drone x7  
  67  12:07  Hydralisk Den  
  66  12:14  Overlord x2  
  66  12:39  Hydralisk x3  
  71  12:49  Drone x2  
  71  12:50  Drone x2  
  71  12:55  Mutalisk  
  63  13:10  Hydralisk  
  58  13:22  Drone x4  
  58  13:24  Drone  
Tags
 
Add a new tag
Caveats
  • Supply blocks, unpowered buildings, or Contaminate may cause inaccurate times.
  • Supply counts are checked every 10 seconds.